TOP OF THE 1ST |
University of Minnesota Golden Gophers batting - Pitching for University of Conneticut Huskies : RHP Ti-an Tian
|
Pitching: RHP Ti-an Tian
|
|
Batting: RHB Ron Gooch
|
0-0: DOUBLE (Flyball, 8RXD, EV 91.9 MPH)
|
Batting: RHB Jian-zhang Zhào
|
0-0: Ball 1-0: DOUBLE (Groundball, 5L, EV 98.8 MPH) Ron Gooch scores
|
Batting: RHB Tommy Molinaro
|
0-0: Ball 1-0: Swinging Strike 1-1: Ball 2-1: Ball 3-1: Swinging Strike 3-2: Base on Balls
|
Batting: RHB Jose Garrido
|
0-0: Called Strike 0-1: Ball 1-1: Swinging Strike 1-2: Ball 2-2: Ball 3-2: SINGLE (Line Drive, 9LM, EV 102.5 MPH) Jian-zhang Zhào to third Tommy Molinaro to second
|
Batting: LHB Bobby Agterberg
|
0-0: Ball Wild Pitch! Jian-zhang Zhào scores Tommy Molinaro to third Jose Garrido to second 1-0: Called Strike 1-1: Ball 2-1: Swinging Strike 2-2: Strikes out swinging
|
Batting: LHB Hidehiro Kanno
|
0-0: Fly out, F8 (Flyball, 8LD, EV 98.1 MPH) Runner from 3rd tags up, SCORES, throw by CF
|
Batting: SHB Chris Rodgers
|
0-0: Ball 1-0: Fly out, F8 (Flyball, 8LXD, EV 86.2 MPH)
|
Top of the 1st over - 3 runs, 3 hits, 0 errors, 1 left on base; University of Minnesota 3 - University of Conneticut 0 |
BOTTOM OF THE 1ST |
University of Conneticut Huskies batting - Pitching for University of Minnesota Golden Gophers : RHP Danny Colon
|
Pitching: RHP Danny Colon
|
|
Batting: RHB Victor Ramos
|
0-0: Ball 1-0: Ball 2-0: Ground out 6-3 (Groundball, 6, EV 81.2 MPH)
|
Batting: RHB Phil Hilton
|
0-0: Called Strike 0-1: Ball 1-1: Ball 2-1: Called Strike 2-2: DOUBLE (Line Drive, 3D, EV 102.5 MPH)
|
Batting: LHB Greg James
|
0-0: Ball 1-0: Ball 2-0: Foul Ball, location: 2F 2-1: Ball 3-1: Base on Balls
|
Batting: LHB Jonathan Sica
|
0-0: Ball 1-0: Ball 2-0: Called Strike 2-1: Hit by Pitch Phil Hilton to third Greg James to second
|
Batting: RHB Jai De san miguel
|
0-0: Fly out, F8 (Flyball, 89D, EV 98.8 MPH) Runner from 3rd tags up, OUT at HOME! 8-2
|
Bottom of the 1st over - 0 runs, 1 hit, 0 errors, 2 left on base; University of Minnesota 3 - University of Conneticut 0 |
TOP OF THE 2ND |
University of Minnesota Golden Gophers batting - Pitching for University of Conneticut Huskies : RHP Ti-an Tian
|
Batting: RHB Roy Evenden
|
0-0: Called Strike 0-1: Ball 1-1: Ball 2-1: Fly out, F4 (Popup, 4S, EV 66.2 MPH)
|
Batting: LHB Phil Bonner
|
0-0: Ball 1-0: Ground out U3 (Groundball, 3, EV 86.2 MPH)
|
Batting: RHB Ron Gooch
|
0-0: Called Strike 0-1: Foul Ball, location: 2F 0-2: Strikes out swinging
|
Top of the 2nd over - 0 runs, 0 hits, 0 errors, 0 left on base; University of Minnesota 3 - University of Conneticut 0 |
BOTTOM OF THE 2ND |
University of Conneticut Huskies batting - Pitching for University of Minnesota Golden Gophers : RHP Danny Colon
|
Batting: RHB Matthew Lanford
|
0-0: Called Strike 0-1: Called Strike 0-2: Ball 1-2: Ball 2-2: Ball 3-2: DOUBLE (Groundball, 5L, EV 97.5 MPH)
|
Batting: RHB Jordan Nicholas
|
0-0: Fly out, F8 (Flyball, 8LM, EV 90.6 MPH)
|
Batting: RHB Lee Wilbur
|
0-0: Called Strike 0-1: Called Strike 0-2: Ball 1-2: Foul Ball, location: 2F 1-2: Strikes out swinging
|
Batting: LHB Chris Grayson
|
0-0: Fly out, F5 (Line Drive, 5L, EV 72.5 MPH)
|
Bottom of the 2nd over - 0 runs, 1 hit, 0 errors, 1 left on base; University of Minnesota 3 - University of Conneticut 0 |
TOP OF THE 3RD |
University of Minnesota Golden Gophers batting - Pitching for University of Conneticut Huskies : RHP Ti-an Tian
|
Batting: RHB Jian-zhang Zhào
|
0-0: Ball 1-0: Ground out U3 (Groundball, 13, EV 91.2 MPH)
|
Batting: RHB Tommy Molinaro
|
0-0: Called Strike 0-1: Swinging Strike 0-2: Reached on error, E5 (Groundball, 5L, EV 110.6 MPH)
|
Batting: RHB Jose Garrido
|
0-0: Ball 1-0: Foul Ball, location: 2F 1-1: Foul Ball, location: 2F 1-2: Ground out U3 (Groundball, 34S, EV 84.4 MPH) Tommy Molinaro to third
|
Batting: LHB Bobby Agterberg
|
0-0: SINGLE (Groundball, 6MD, EV 98.1 MPH) Tommy Molinaro scores
|
Batting: LHB Hidehiro Kanno
|
0-0: Called Strike 0-1: Ball 1-1: Ball 2-1: Ball 3-1: SINGLE (Line Drive, 78M, EV 106.9 MPH) Bobby Agterberg to second
|
Batting: SHB Chris Rodgers
|
0-0: Ball 1-0: SINGLE (Groundball, 4M, EV 105.0 MPH) Bobby Agterberg to third Hidehiro Kanno to second Runner from 3rd tries for Home, SAFE, throw by CF to home
|
Batting: RHB Roy Evenden
|
0-0: Called Strike 0-1: Reached via error on a dropped throw from 2B, E3 (Groundball, 4, EV 107.5 MPH) Hidehiro Kanno to third Chris Rodgers to second
|
Batting: LHB Phil Bonner
|
0-0: Ball 1-0: Ball 2-0: Ball 3-0: Base on Balls Hidehiro Kanno scores Chris Rodgers to third Roy Evenden to second
|
Batting: RHB Ron Gooch
|
0-0: Ball 1-0: Ground out 3-1 (Groundball, 34, EV 83.8 MPH)
|
Top of the 3rd over - 3 runs, 3 hits, 2 errors, 3 left on base; University of Minnesota 6 - University of Conneticut 0 |
BOTTOM OF THE 3RD |
University of Conneticut Huskies batting - Pitching for University of Minnesota Golden Gophers : RHP Danny Colon
|
Batting: RHB Victor Ramos
|
0-0: Ball 1-0: Swinging Strike 1-1: Ball 2-1: Swinging Strike 2-2: Strikes out swinging
|
Batting: RHB Phil Hilton
|
0-0: Foul Ball, location: 2F 0-1: SINGLE (Line Drive, 7S, EV 106.2 MPH)
|
Batting: LHB Greg James
|
0-0: Called Strike 0-1: Grounds into double play, 5-4-3 (Groundball, 56, EV 90.6 MPH)
|
Bottom of the 3rd over - 0 runs, 1 hit, 0 errors, 0 left on base; University of Minnesota 6 - University of Conneticut 0 |
TOP OF THE 4TH |
University of Minnesota Golden Gophers batting - Pitching for University of Conneticut Huskies : RHP Ti-an Tian
|
Batting: RHB Jian-zhang Zhào
|
0-0: Called Strike 0-1: Called Strike 0-2: Foul Ball, location: 2F 0-2: Ball 1-2: Ball 2-2: Strikes out looking
|
Batting: RHB Tommy Molinaro
|
0-0: Ground out 6-3 (Groundball, 6, EV 83.1 MPH)
|
Batting: RHB Jose Garrido
|
0-0: Foul Ball, location: 2F 0-1: Swinging Strike 0-2: Foul Ball, location: 2F 0-2: Ball 1-2: Strikes out swinging
|
Top of the 4th over - 0 runs, 0 hits, 0 errors, 0 left on base; University of Minnesota 6 - University of Conneticut 0 |
BOTTOM OF THE 4TH |
University of Conneticut Huskies batting - Pitching for University of Minnesota Golden Gophers : RHP Danny Colon
|
Batting: LHB Jonathan Sica
|
0-0: Foul Ball, location: 2F 0-1: Called Strike 0-2: Foul Ball, location: 2F 0-2: Strikes out swinging
|
Batting: RHB Jai De san miguel
|
0-0: Called Strike 0-1: Foul Ball, location: 2F 0-2: Fly out, F8 (Line Drive, 89M, EV 90.6 MPH)
|
Batting: RHB Matthew Lanford
|
0-0: Ball 1-0: Foul Ball, location: 2F 1-1: Ball 2-1: Ball 3-1: SINGLE (Groundball, 6MD, EV 98.1 MPH)
|
Batting: RHB Jordan Nicholas
|
0-0: Ball 1-0: Foul Ball, location: 2F 1-1: Ball 2-1: Foul Ball, location: 2F 2-2: Foul Ball, location: 2F 2-2: Foul Ball, location: 2F 2-2: Ball 3-2: Ground out 6-3 (Groundball, 6, EV 103.1 MPH)
|
Bottom of the 4th over - 0 runs, 1 hit, 0 errors, 1 left on base; University of Minnesota 6 - University of Conneticut 0 |
TOP OF THE 5TH |
University of Minnesota Golden Gophers batting - Pitching for University of Conneticut Huskies : RHP Ti-an Tian
|
Pitching: RHP Jorge Estrada
|
|
Batting: LHB Bobby Agterberg
|
0-0: Ball 1-0: Called Strike 1-1: Ball 2-1: Called Strike 2-2: Ball 3-2: Ground out 4-3 (Groundball, 4D, EV 103.8 MPH)
|
Batting: LHB Hidehiro Kanno
|
0-0: Fly out, F4 (Line Drive, 4M, EV 68.8 MPH)
|
Batting: SHB Chris Rodgers
|
0-0: Ball 1-0: Swinging Strike 1-1: Ball 2-1: Foul Ball, location: 2F 2-2: Foul Ball, location: 2F 2-2: Strikes out swinging
|
Top of the 5th over - 0 runs, 0 hits, 0 errors, 0 left on base; University of Minnesota 6 - University of Conneticut 0 |
BOTTOM OF THE 5TH |
University of Conneticut Huskies batting - Pitching for University of Minnesota Golden Gophers : RHP Danny Colon
|
Batting: RHB Lee Wilbur
|
0-0: Ball 1-0: Called Strike 1-1: DOUBLE (Line Drive, 78D, EV 104.4 MPH)
|
Batting: LHB Chris Grayson
|
0-0: Swinging Strike 0-1: Ground out 5-3 (Groundball, 56, EV 102.5 MPH)
|
Batting: RHB Victor Ramos
|
0-0: Foul Ball, location: 2F 0-1: Called Strike 0-2: Strikes out swinging
|
Batting: RHB Phil Hilton
|
0-0: Foul Ball, location: 2F 0-1: Ball 1-1: Foul Ball, location: 2F 1-2: SINGLE (Groundball, 6MS, EV 71.9 MPH) (infield hit) Lee Wilbur to third
|
Batting: LHB Greg James
|
0-0: Called Strike 0-1: Foul Ball, location: 2F 0-2: Ball 1-2: Ball 2-2: Strikes out swinging
|
Bottom of the 5th over - 0 runs, 2 hits, 0 errors, 2 left on base; University of Minnesota 6 - University of Conneticut 0 |
TOP OF THE 6TH |
University of Minnesota Golden Gophers batting - Pitching for University of Conneticut Huskies : RHP Jorge Estrada
|
Batting: RHB Roy Evenden
|
0-0: Ball 1-0: Called Strike 1-1: Ball 2-1: Ball 3-1: Base on Balls
|
Batting: LHB Phil Bonner
|
0-0: Ball Roy Evenden steals 2nd base 1-0: Ball 2-0: Called Strike 2-1: Swinging Strike 2-2: Ball 3-2: Foul Ball, location: 2F 3-2: Foul Ball, location: 2F 3-2: Strikes out swinging
|
Batting: RHB Ron Gooch
|
0-0: Called Strike 0-1: Called Strike 0-2: Ball 1-2: Fly out, F2 (Popup, 2R, EV 91.9 MPH)
|
Batting: RHB Jian-zhang Zhào
|
0-0: Ball 1-0: Swinging Strike 1-1: Swinging Strike 1-2: Ball 2-2: Strikes out looking
|
Top of the 6th over - 0 runs, 0 hits, 0 errors, 1 left on base; University of Minnesota 6 - University of Conneticut 0 |
BOTTOM OF THE 6TH |
University of Conneticut Huskies batting - Pitching for University of Minnesota Golden Gophers : RHP Danny Colon
|
Pitching: RHP John Roebuck
|
|
Batting: LHB Jonathan Sica
|
0-0: Called Strike 0-1: Foul Ball, location: 2F 0-2: Ball 1-2: Foul Ball, location: 2F 1-2: Fly out, F8 (Flyball, 8RM, EV 78.1 MPH)
|
Batting: RHB Jai De san miguel
|
0-0: Called Strike 0-1: Called Strike 0-2: Ball 1-2: Ball 2-2: Strikes out swinging
|
Batting: RHB Matthew Lanford
|
0-0: Called Strike 0-1: Ball 1-1: Swinging Strike 1-2: Ball 2-2: Ground out 6-3 (Groundball, 6, EV 103.1 MPH)
|
Bottom of the 6th over - 0 runs, 0 hits, 0 errors, 0 left on base; University of Minnesota 6 - University of Conneticut 0 |
TOP OF THE 7TH |
University of Minnesota Golden Gophers batting - Pitching for University of Conneticut Huskies : RHP Jorge Estrada
|
Batting: RHB Tommy Molinaro
|
0-0: Ball 1-0: Ball 2-0: SINGLE (Groundball, 4MD, EV 94.4 MPH)
|
Pitching: RHP Nick Rice
|
|
Batting: RHB Jose Garrido
|
0-0: Ball 1-0: Grounds into double play, 6-4-3 (Groundball, 6S, EV 87.5 MPH)
|
Batting: LHB Bobby Agterberg
|
0-0: Foul Ball, location: 2F 0-1: Fly out, F6 (Line Drive, 6, EV 66.2 MPH)
|
Top of the 7th over - 0 runs, 1 hit, 0 errors, 0 left on base; University of Minnesota 6 - University of Conneticut 0 |
BOTTOM OF THE 7TH |
University of Conneticut Huskies batting - Pitching for University of Minnesota Golden Gophers : RHP John Roebuck
|
Batting: RHB Jordan Nicholas
|
0-0: Ball 1-0: Fly out, F7 (Flyball, 78S, EV 85.6 MPH)
|
Batting: RHB Lee Wilbur
|
0-0: Ball 1-0: Called Strike 1-1: Foul Ball, location: 2F 1-2: Ground out 4-3 (Groundball, 4, EV 91.2 MPH)
|
Batting: LHB Chris Grayson
|
0-0: Ground out 5-3 (Groundball, 56, EV 88.1 MPH)
|
Bottom of the 7th over - 0 runs, 0 hits, 0 errors, 0 left on base; University of Minnesota 6 - University of Conneticut 0 |
TOP OF THE 8TH |
University of Minnesota Golden Gophers batting - Pitching for University of Conneticut Huskies : RHP Nick Rice
|
Batting: LHB Hidehiro Kanno
|
0-0: Foul Ball, location: 2F 0-1: Ball 1-1: Ball 2-1: Foul Ball, location: 2F 2-2: Ball 3-2: Fly out, F8 (Flyball, 8LD, EV 103.1 MPH)
|
Batting: SHB Chris Rodgers
|
0-0: Called Strike 0-1: Foul Ball, location: 2F 0-2: Strikes out swinging
|
Batting: RHB Roy Evenden
|
0-0: Ball 1-0: Swinging Strike 1-1: Swinging Strike 1-2: Strikes out swinging
|
Top of the 8th over - 0 runs, 0 hits, 0 errors, 0 left on base; University of Minnesota 6 - University of Conneticut 0 |
BOTTOM OF THE 8TH |
University of Conneticut Huskies batting - Pitching for University of Minnesota Golden Gophers : RHP John Roebuck
|
Batting: RHB Victor Ramos
|
0-0: Called Strike 0-1: Ball 1-1: Swinging Strike 1-2: Foul Ball, location: 2F 1-2: Ball 2-2: Fly out, F9 (Flyball, 89S, EV 86.9 MPH)
|
Batting: RHB Phil Hilton
|
0-0: Called Strike 0-1: Foul Ball, location: 2F 0-2: Foul Ball, location: 2F 0-2: Hit by Pitch
|
Batting: LHB Greg James
|
0-0: Called Strike 0-1: Foul Ball, location: 2F 0-2: Ball 1-2: Foul Ball, location: 2F 1-2: Hit by Pitch Phil Hilton to second
|
Batting: LHB Jonathan Sica
|
0-0: Ball 1-0: Ball 2-0: Ball 3-0: Base on Balls Phil Hilton to third Greg James to second
|
Batting: RHB Jai De san miguel
|
0-0: Ball 1-0: Ball 2-0: Called Strike 2-1: Called Strike 2-2: Foul Ball, location: 2F 2-2: Strikes out swinging
|
Batting: RHB Matthew Lanford
|
0-0: Ground out U3 (Groundball, 34, EV 105.6 MPH)
|
Bottom of the 8th over - 0 runs, 0 hits, 0 errors, 3 left on base; University of Minnesota 6 - University of Conneticut 0 |
TOP OF THE 9TH |
University of Minnesota Golden Gophers batting - Pitching for University of Conneticut Huskies : RHP Nick Rice
|
Batting: LHB Phil Bonner
|
0-0: Ball 1-0: Fly out, F8 (Line Drive, 8RD, EV 93.8 MPH)
|
Batting: RHB Ron Gooch
|
0-0: Reached on error, E4 (Groundball, 4, EV 103.8 MPH)
|
Batting: RHB Jian-zhang Zhào
|
0-0: Ball 1-0: Called Strike 1-1: Foul Ball, location: 2F 1-2: Strikes out swinging
|
Batting: RHB Tommy Molinaro
|
0-0: Fly out, F8 (Flyball, 8RM, EV 93.1 MPH)
|
Top of the 9th over - 0 runs, 0 hits, 1 error, 1 left on base; University of Minnesota 6 - University of Conneticut 0 |
BOTTOM OF THE 9TH |
University of Conneticut Huskies batting - Pitching for University of Minnesota Golden Gophers : RHP John Roebuck
|
Batting: RHB Jordan Nicholas
|
0-0: Ball 1-0: Swinging Strike 1-1: Fly out, F8 (Flyball, 8LM, EV 98.1 MPH)
|
Batting: RHB Lee Wilbur
|
0-0: Ball 1-0: Swinging Strike 1-1: Ball 2-1: Ground out 6-3 (Groundball, 56, EV 96.2 MPH)
|
Pinch Hitting: RHB Charlie Slayback
|
0-0: Foul Ball, location: 2F 0-1: Fly out, F7 (Flyball, 78M, EV 89.4 MPH)
|
Bottom of the 9th over - 0 runs, 0 hits, 0 errors, 0 left on base; University of Minnesota 6 - University of Conneticut 0 |
|